 Dungeon Crawl Stone Soup version 0.22-a0-614-g34fbaa0 (webtiles) character file.

122 CanOfBees the Ruffian (level 5, -2/46 HPs)
             Began as a Ghoul Monk on July 12, 2018.
             Slain by a gnoll
             ... wielding a cursed +0 whip
              (4 damage)
             ... on level 2 of the Dungeon.
             The game lasted 00:03:08 (1668 turns).

CanOfBees the Ruffian (Ghoul Monk)                  Turns: 1668, Time: 00:03:09

Health: -2/46      AC:  9    Str: 16    XL:     5   Next: 6%
Magic:  4/4        EV:  7    Int:  5    God:
Gold:   71         SH:  0    Dex: 11    Spells: 4/4 levels left

rFire    . . .     SeeInvis .     - Unarmed
rCold    + . .     Gourm    .   (no shield)
rNeg     + + +     Faith    .   l - +1 chain mail
rPois    ∞         Spirit   .   (no helmet)
rElec    .         Reflect  .   (no cloak)
rCorr    .         Harm     .   (no gloves)
MR       .....                  (no boots)
Stlth    ..........             (no amulet)
HPRegen  0.00/turn              (no ring)
MPRegen  0.09/turn              (no ring)

@: rotting
A: rotting body, claws 1, carnivore, cold resistance 1, negative energy
resistance 3, inhibited regeneration, torment resistance, unbreathing
a: no special abilities


You were on level 2 of the Dungeon.
You were not hungry.

You visited 1 branch of the dungeon, and saw 2 of its levels.

You collected 71 gold pieces.

Inventory:

Missiles
 e - 21 stones (quivered)
Armour
 l - a +1 chain mail (worn)
Wands
 k - a wand of paralysis (11)
Scrolls
 f - a scroll of teleportation {unknown}
 g - 2 scrolls of identify
 i - a scroll of remove curse {unknown}
Potions
 c - 4 potions of flight {unknown}
 d - a potion of curing
Comestibles
 b - a ration


   Skills:
 + Level 4.1 Fighting
 + Level 0.1 Armour
 + Level 3.4 Dodging
 - Level 2.1 Stealth
 * Level 4.9 Unarmed Combat


You had 4 spell levels left.
You didn't know any spells.
Your spell library was empty.

Dungeon Overview and Level Annotations

Branches:
Dungeon (2/15)

Altars:


Innate Abilities, Weirdness & Mutations

Your body is rotting away.
You thrive on raw meat.
You are immune to poison.
You have sharp fingernails.
You are carnivorous and can eat meat at any time.
Your flesh is cold resistant. (rC+)
You are immune to negative energy. (rN+++)
You do not regenerate when monsters are visible.
You are immune to unholy pain and torment.
You can survive without breathing.


Message History

The hobgoblin is almost dead.
The gnoll hits you from afar with a spear.
* * * LOW HITPOINT WARNING * * *
You scratch the hobgoblin but do no damage.
The hobgoblin is almost dead.
The hobgoblin hits you with a club.
* * * LOW HITPOINT WARNING * * *
The gnoll hits you but does no damage.
You claw the hobgoblin!
You kill the hobgoblin!
The gnoll hits you but does no damage.
You closely miss the gnoll. The gnoll hits you but does no damage.
The gnoll hits you with a whip.
* * * LOW HITPOINT WARNING * * *
Okay, then.
As you read the scroll labeled VITUMOMPEP, it crumbles to dust.
It is a scroll of enchant armour.
Your +0 chain mail glows green for a moment.
The gnoll hits you but does no damage. The gnoll hits you with a whip.
You die...

#.# #. # #.# #.# . #.####.# #.# #
# #..##.###.....# #.# ## #
#......#.####.########.# #. #
#..........##........#.#######< #
........$....g###.#.#....)...[ #
#.........###g# #.#.#...####.# #
#......######@###.......####.#
####l.#.#........)####.#...#....#
g.ggw...##....##..####.#...#.####
####Sg##........>........#......#
#......#..#.........#...#.#..#
#..g..............#.##.##.#..#
#....#......#..##...##÷##.#...
#..............###.###.##.#.##
#..............###.###.##.#.#


You could see 2 gnolls.

Vanquished Creatures
  2 gnolls (D:2)
  2 adders (D:2)
  4 oozes (D:1)
  A dart slug (D:1)
  2 leopard geckos
  4 bats
  3 giant cockroaches (D:1)
  3 goblins
  8 hobgoblins
  12 jackals
  6 kobolds
  2 quokkas (D:2)
  2 ball pythons
  4 frilled lizards (D:1)
  2 rats
57 creatures vanquished.

Notes
Turn   | Place    | Note
-------+----------+-------------------------------------------
     0 | D:1      | CanOfBees the Ghoul Monk began the quest for the Orb.
     0 | D:1      | Reached XP level 1. HP: 19/19 MP: 0/0
    46 | D:1      | Reached XP level 2. HP: 24/26 MP: 1/1
   180 | D:1      | Reached XP level 3. HP: 28/31 MP: 2/2
   810 | D:1      | Reached XP level 4. HP: 39/40 MP: 3/3
  1659 | D:2      | Reached XP level 5. HP: 23/46 MP: 4/4
  1667 | D:2      | HP: 2/46 [gnoll/whip (5)]
  1668 | D:2      | Slain by a gnoll

Vault maps used:
D:1:      ncdulo_wetmaze, minmay_tromino_v2
D:2:      minmay_misc_feat_plants

Skill      XL: |  1  2  3  4 |
---------------+-------------+-----
Dodging        | 3 |  3.4
Unarmed Combat | 4 |  4.9
Fighting       | 4 |  4.1
Armour         | |  0.1
Stealth        | |  2.1

Action                   |  1- 3 |  4- 6 || total
-------------------------+-------+-------++-------
Melee: Unarmed           |    99 |    93 ||   192
       Punch             |       |     3 ||     3
  Use: Scroll            |       |     2 ||     2
 Stab: Sleeping          |     3 |       ||     3
  Eat: Chunk             |    14 |    17 ||    31
Armor: Robe              |    11 |       ||    11
       Scale mail        |     8 |    32 ||    40
       Chain mail        |       |    14 ||    14
Dodge: Dodged            |    59 |    56 ||   115

Table legend:
 A = Spawn XP
 B = Non-spawn XP
 C = Spawn XP percentage of total XP
 D = Spawn monster count
 E = Non-spawn monster count
 F = Spawn count percentage of total count
 G = Total turns spent on level
                    A         B        C        D         E        F      G
               +---------+---------+-------+---------+---------+-------+---------
         Total |       0 |     175 |   0.0 |       0 |      57 |   0.0 |  1668
               +---------+---------+-------+---------+---------+-------+---------
           D:1 |       0 |      88 |   0.0 |       0 |      37 |   0.0 |  1116
           D:2 |       0 |      87 |   0.0 |       0 |      20 |   0.0 |   552
               +---------+---------+-------+---------+---------+-------+---------
